 Dungeon Crawl Stone Soup version 0.31-a0-931-g7b59d4eb97 (webtiles) character file.

Game seed: 4457573169127300517

397073 D12ThenQuit the Cryomancer (level 23, -4/171 HPs)
             Began as an Octopode Fighter on Oct 18, 2023.
             Was the Champion of Vehumet.
             Succumbed to an emperor scorpion's poison
             ... on level 3 of the Depths on Oct 19, 2023.
             The game lasted 02:39:05 (60444 turns).

D12ThenQuit the Cryomancer (Octopode Fighter)      Turns: 60444, Time: 02:39:06

Health: -4/171     AC:  3    Str: 12    XL:     23   Next: 22%
Magic:  0/41       EV: 27    Int: 43    God:    Vehumet [******]
Gold:   3537       SH:  0    Dex: 21    Spells: 4/51 levels left

rFire   . . .        t - +8 sling "Uqevaxai" {heavy, rF+ Int+3 Stlth+}
rCold   + + .        N - orb {*channel}
rNeg    + + +        C - +2 hood of the Assassin {Detect Stab+ Stlth++}
rPois   .            Z - amulet "Nompish" {Spirit Contam rN++ Regen+ rCorr}
rElec   +            d - ring "Remurgh" {rN+ Will+ Dex+3}
rCorr   +            q - +6 ring of intelligence
SInv    .            u - ring of ice
Will    ++...        a - ring "Etif" {rF+ Int+3 Slay+4 Stlth+}
Stlth   +++++++      J - ring of ice
HPRegen 1.28/turn    k - +6 ring of intelligence
MPRegen 0.27/turn    b - +6 ring of intelligence
                     H - ring of Nepova {rElec rCorr Str-5 Dex+6}

%: guardian spirit, channel magic (20%)
@: lethally poisoned (-4 -> -30), slightly contaminated, studying Throwing
A: almost no armour, amphibious, 8 rings, camouflage 1, gelatinous body 1,
(nimble swimmer 1), tentacles
}: 2/15 runes: decaying, gossamer
a: Renounce Religion


You were on level 3 of the Depths.
You worshipped Vehumet.
Vehumet was exalted by your worship.
You visited 9 branches of the dungeon, and saw 41 of its levels.
You visited 1 bazaar.
You also visited: Volcano.

You collected 6950 gold pieces.
You spent 3413 gold pieces at shops.

Inventory:

Hand Weapons
 t - the +8 sling "Uqevaxai" (weapon) {heavy, rF+ Int+3 Stlth+}
   (You found it on level 3 of the Elven Halls)

   Int+3:     It affects your intelligence (+3).
   rF+:       It protects you from fire.
   Stlth+:    It makes you more stealthy.
Armour
 C - the +2 hood of the Assassin (worn) {Detect Stab+ Stlth++}
   (You acquired it on level 7 of the Dungeon)

   Detect:    It allows the wearer to sense nearby creatures.
   Stab+:     It allows the wearer to make particularly effective stabbing
   attacks against helpless or unaware enemies with any weapon.
   Stlth++:   It makes you much more stealthy.
 N - an orb of energy (worn)
Magical Staves
 c - a staff of conjuration
 I - the staff "Octopus's Foe" {rPois rC+ Str-4 Int+6 Poison}
   (You found it on level 3 of the Elven Halls)

   [staff of poison]

   Base accuracy: +5 Base damage: 5 Base attack delay: 1.2 This weapon's minimum
   attack delay (0.6) is reached at skill level 12.
   Str-4:     It affects your strength (-4).
   Int+6:     It affects your intelligence (+6).
   rC+:       It protects you from cold.
   rPois:     It protects you from poison Poison: It increases the power of your
   Poison spells.
   It falls into the 'Staves' category.
   It is a one-tentacled weapon.
Jewellery
 a - the ring "Etif" (on tentacle) {rF+ Int+3 Slay+4 Stlth+}
   (You acquired it on level 1 of the Vaults)

   [ring of slaying]

   Int+3:     It affects your intelligence (+3).
   Slay+4:    It affects your accuracy & damage with ranged weapons and melee
   (+4).
   rF+:       It protects you from fire.
   Stlth+:    It makes you more stealthy.
 b - a +6 ring of intelligence (on tentacle)
 d - the ring "Remurgh" (left tentacle) {rN+ Will+ Dex+3}
   (You bought it in a shop in a bazaar)

   [ring of positive energy]

   Dex+3:     It affects your dexterity (+3).
   rN+:       It protects you from negative energy.
   Will+:     It increases your willpower.
 f - a ring of protection from fire
 i - a +6 ring of dexterity
 k - a +6 ring of intelligence (on tentacle)
 m - a ring of wizardry
 p - a ring of see invisible
 q - a +6 ring of intelligence (right tentacle)
 u - a ring of ice (on tentacle)
 H - the ring of Nepova (on tentacle) {rElec rCorr Str-5 Dex+6}
   (You bought it in a shop on level 2 of the Orcish Mines)

   [ring of dexterity]

   Str-5:     It affects your strength (-5).
   Dex+6:     It affects your dexterity (+6).
   rElec:     It insulates you from electricity.
   rCorr:     It protects you from acid and corrosion.
 J - a ring of ice (on tentacle)
 P - a +6 ring of intelligence
 Q - a ring of flight
 U - the ring of Etse Iha {Ice rCorr Stlth+}
   (You took it off Josephina on level 3 of the Depths)

   [ring of ice]

   Ice:       It enhances your ice magic.
   rF-:       It makes you vulnerable to fire.
   rC+:       It protects you from cold.
   rCorr:     It protects you from acid and corrosion.
   Stlth+:    It makes you more stealthy.
 W - a ring of wizardry
 Y - a ring of willpower
 Z - the amulet "Nompish" (around mantle) {Spirit Contam rN++ Regen+ rCorr}
   (You bought it in a shop on level 2 of the Orcish Mines)

   [amulet of guardian spirit]

   Spirit:    It causes incoming damage to be divided between your reserves of
   health and magic.
   rN++:      It greatly protects you from negative energy.
   Contam:    It causes magical contamination when unequipped.
   Regen+:    It increases your rate of health regeneration.
   rCorr:     It protects you from acid and corrosion.
Wands
 v - a wand of paralysis (42)
 w - a wand of quicksilver (38)
 R - a wand of digging (23)
 S - a wand of mindburst (15)
 V - a wand of roots (20)
Scrolls
 e - 4 scrolls of revelation
 g - 7 scrolls of vulnerability
 j - 9 scrolls of poison
 l - 3 scrolls of immolation
 r - 13 scrolls of identify
 x - 8 scrolls of fog
 z - 16 scrolls of teleportation
 E - a scroll of blinking
 F - 6 scrolls of fear
 M - a scroll of brand weapon
 T - 2 scrolls of butterflies
Potions
 h - 3 potions of brilliance
 n - 12 potions of curing
 s - 5 potions of enlightenment
 y - 2 potions of cancellation
 A - 7 potions of haste
 B - 2 potions of invisibility
 D - 12 potions of ambrosia
 G - 5 potions of mutation
 L - 7 potions of heal wounds
 O - 3 potions of magic
 X - 4 potions of resistance
Miscellaneous
 o - a box of beasts
 K - a lightning rod (4/4)


   Skills:
 + Level 18.0 Fighting
 - Level 2.0 Short Blades
 - Level 0.3 Ranged Weapons
 + Level 18.0 Dodging
 - Level 3.0 Shields
 - Level 14.5 Spellcasting
 - Level 15.0 Conjurations
 - Level 5.0 Translocations
 - Level 9.2 Transmutations
 - Level 2.3 Fire Magic
 * Level 22.8 Ice Magic
 - Level 5.2 Evocations


You had 4 spell levels left.
You knew the following spells:

 Your Spells              Type           Power      Damage    Failure   Level
a - Freeze                Ice            100%       1d10      1%          1
b - Ozocubu's Armour      Ice            100%       N/A       1%          3
c - Frozen Ramparts       Ice            100%       1d16      1%          3
d - Ozocubu's Refrigerat  Ice            87%        4d26      1%          7
e - Foxfire               Conj/Fire      100%       2x1d9     1%          1
f - Blink                 Tloc           100%       N/A       2%          2
g - Iskenderun's Mystic   Conj/Tloc      87%        2d17      1%          4
h - Irradiate             Conj/Tmut      47%        3d27      1%          5
i - Freezing Cloud        Conj/Ice/Air   71%        6-21      1%          5
j - Orb of Destruction    Conj           51%        9d13      1%          7
k - Polar Vortex          Ice            87%        12d11*    5%          9

Your spell library contained the following spells:

 Spells                   Type           Power      Damage    Failure   Level
 Lehudib's Crystal Spear  Conj/Erth      38%        10d10     67%         8
 Chain Lightning          Conj/Air       38%        3d51      100%        9
 Kiss of Death            Conj/Necr      100%       2d13      1%          1
 Sandblast                Erth           62%        2d14      1%          1
 Shock                    Conj/Air       100%       1d9       1%          1
 Sting                    Tmut/Pois      100%       1d8       1%          1
 Momentum Strike          Conj/Tloc      100%       3d10      1%          2
 Poisonous Vapours        Pois/Air       62%        N/A       1%          2
 Scorch                   Fire           100%       2d9       1%          2
 Static Discharge         Conj/Air       100%       2-7/arc   1%          2
 Wereblood                Tmut           84%        N/A       1%          2
 Dazzling Flash           Conj/Hex       100%       N/A       1%          3
 Hailstorm                Conj/Ice       100%       3d20      1%          3
 Ignite Poison            Fire/Tmut/Pois 59%        N/A       1%          3
 Inner Flame              Hex/Fire       41%        N/A       1%          3
 Mephitic Cloud           Conj/Pois/Air  65%        N/A       1%          3
 Stone Arrow              Conj/Erth      100%       3d13      1%          3
 Volatile Blastmotes      Fire/Tloc      100%       2d18      1%          3
 Brom's Barrelling Bould  Conj/Erth      77%        2d9       1%          4
 Flame Wave               Conj/Fire      82%        2d18      1%          4
 Fulminant Prism          Conj/Hex       38%        3d17      1%          4
 Sticky Flame             Conj/Fire      82%        2d9       1%          4
 Lesser Beckoning         Tloc           100%       N/A       2%          2
 Gell's Gravitas          Tloc           65%        N/A       3%          3
 Teleport Other           Tloc           65%        N/A       3%          3
 Airstrike                Air            15%        2d(3-19)  6%          4
 Olgreb's Toxic Radiance  Pois           31%        N/A       6%          4
 Petrify                  Tmut/Erth      63%        N/A       6%          4
 Confusing Touch          Hex            31%        N/A       10%         3
 Swiftness                Air            31%        N/A       10%         3
 Tukima's Dance           Hex            31%        N/A       10%         3
 Dimensional Bullseye     Hex/Tloc       25%        N/A       11%         4
 Anguish                  Hex/Necr       15%        N/A       22%         4
 Cause Fear               Hex            15%        N/A       22%         4
 Dispel Undead            Necr           31%        3d14      22%         4
 Summon Lightning Spire   Summ/Air       31%        N/A       22%         4
 Fireball                 Conj/Fire      41%        3d17      1%          5
 Iskenderun's Battlesphe  Conj           100%       2d15      1%          5
 Metabolic Englaciation   Hex/Ice        69%        N/A       2%          5
 Yara's Violent Unravell  Hex/Tmut       31%        3d13      3%          5
 Conjure Ball Lightning   Conj/Air       38%        3x3d12    4%          6
 Simulacrum               Ice/Necr       69%        N/A       6%          6
 Alistair's Intoxication  Tmut/Pois      42%        N/A       12%         5
 Summon Forest            Summ/Tloc      25%        N/A       22%         5
 Plasma Beam              Fire/Air       20%        2x1d32    36%         6
 Dispersal                Tloc           32%        N/A       38%         6
 Agony                    Necr           31%        N/A       47%         5
 Silence                  Hex/Air        15%        N/A       47%         5
 Summon Mana Viper        Hex/Summ       31%        N/A       47%         5
 Summon Cactus Giant      Summ           15%        N/A       92%         6
 Ignition                 Fire           25%        3d9       99%         8
 Enfeeble                 Hex            15%        N/A       100%        7
 Discord                  Hex            15%        N/A       100%        8
 Death's Door             Necr           15%        N/A       100%        9
 Shatter                  Erth           15%        3d15*     100%        9


Dungeon Overview and Level Annotations

Branches:
Dungeon (15/15)            Temple (1/1) D:6            Lair (5/5) D:9
  Swamp (4/4) Lair:3       Spider (4/4) Lair:3        Slime (0/5) Lair:4
    Orc (2/2) D:11            Elf (3/3) Orc:2        Vaults (4/5) D:14
  Crypt (0/3) Vaults:3     Depths (3/4) D:15        Volcano (visited)

Altars:
Ashenzari
Cheibriados
Dithmenos
Elyvilon
Fedhas
Gozag
Hepliaklqana
Kikubaaqudgha
Makhleb
Nemelex Xobeh
Okawaru
Qazlal
Ru
Sif Muna
Trog
Uskayaw
Vehumet
Wu Jian
Xom
Yredelemnul
Zin
The Shining One
Jiyva

Shops:
D:11 (   Orc:2 :*==   Vaults:1 *   Vaults:3 (*(?

Portals:
Hell: Depths:1 Depths:2 Depths:3
Abyss: Depths:3
Pandemonium: Depths:2 Depths:3
Ziggurat: Depths:3
Trove: Depths:3 (give 2 scrolls of acquirement)

Annotations:
D:12 Frances
Elf:2 3 runed translucent doors, Roxanne
Depths:3 3 runed translucent doors, Boniyj's ghost, veteran GnWn


Innate Abilities, Weirdness & Mutations

You cannot wear most types of armour.
You are amphibious.
You can wear up to eight rings at the same time.
Your skin changes colour to match your surroundings (Stealth+).
Your rubbery body absorbs attacks. (AC +1, EV +1)
((You are camouflaged when in or above water. (Stealth+)))
You have tentacles for arms and can constrict up to eight enemies at once.


Message History

The emperor scorpion claws you. x2
Aiming: Quicksilver Bolt
Press: ? - help, Shift-Dir - straight line, f/p - royal mummy
Aim: a royal mummy (almost destroyed, 88% to hit)
The bolt of dispelling energy hits the royal mummy!
The royal mummy is almost destroyed.
The emperor scorpion barely misses you.
The emperor scorpion completely misses you.
The emperor scorpion closely misses you.
The emperor scorpion stings you!!
You are poisoned.
The emperor scorpion poisons you! The emperor scorpion misses you.
The emperor scorpion completely misses you.
The emperor scorpion stings you!!
You are lethally poisoned!
The emperor scorpion poisons you!
The emperor scorpion completely misses you.
The emperor scorpion claws you.
The emperor scorpion closely misses you.
The emperor scorpion completely misses you.
The emperor scorpion closely misses you.
Unknown command.
You feel better. The emperor scorpion stings you!
* * * LOW HITPOINT WARNING * * *
You are poisoned.
The emperor scorpion poisons you! The emperor scorpion barely misses you.
The emperor scorpion completely misses you.
The emperor scorpion stings you!
* * * LOW HITPOINT WARNING * * *
The emperor scorpion claws you.
* * * LOW HITPOINT WARNING * * *
The emperor scorpion completely misses you.
The emperor scorpion stings you!!
* * * LOW HITPOINT WARNING * * *
The emperor scorpion closely misses you.
The emperor scorpion completely misses you.
Blink to where?
Press: ? - help, Dir - move target, p - royal mummy
As you read the scroll of blinking, it crumbles to dust.
You die...

..)...........§≈..........###
##..##.......≈≈§............###
..#..#........................###
...#..................#.........#
...#....#............####.......#
∩.)#...##......................##
.##..#.........................##
....#...###########.#############
...#....###..s..@#..##..M§..##...
###.....#.##s§##...##..##..##..##
...........##s.##.##..## ,##.....
#...........##.M###s.##{ ##.≈≈...
##....)......##..#..## ##.≈≈≈...
......#.......##...## ##.≈≈≈....
.............≈≈##.## ##≈...§§§..
..#.##.......≈≈≈### ##≈≈...§≈§.#
.#.§.........≈≈≈≈## ##§.....§....


You could see 2 emperor scorpions.

Vanquished Creatures
  2 juggernauts (Depths:2)
  Josephina (Depths:3)
  2 royal mummies (Depths:3)
  Frederick (Vaults:2)
  Saint Roka (Elf:3)
  Xtahua (Vaults:2)
  A caustic shrike (Depths:2)
  Norris (Elf:1)
  A tentacled monstrosity (Depths:3)
  A walking earthen tome (Depths:2)
  Jorgrun (D:14)
  Rupert (Lair:3)
  2 deep elf blademasters (Elf:3)
  2 deep elf master archers (Elf:3)
  2 sphinxes
  A titan (Depths:2)
  An ancient champion (Vaults:3)
  A tengu reaver (Depths:2)
  Donald (Swamp:1)
  Agnes (D:15)
  2 thorn hunters
  Aizul (Elf:3)
  4 fire giants
  A fenstrider witch (Swamp:4)
  An iron dragon (Depths:1)
  4 deep elf sorcerers (Elf:3)
  10 emperor scorpions
  A balrug (Depths:2)
  10 vault wardens
  Louise (Depths:3)
  2 frost giants
  4 war gargoyles
  An orc warlord (Vaults:2)
  15 ironbound preservers
  4 ghost moths
  8 ironbound thunderhulks
  2 deep elf elementalists (Elf:3)
  A formless jellyfish (Vaults:1)
  A reaper (Depths:3)
  A spriggan defender (Depths:2)
  9 stone giants
  5 vampire knights
  A caustic shrike skeleton (Depths:1)
  9 very ugly things
  6 eleionomae
  Nessos (D:13)
  Azrael (D:14)
  7 deep elf demonologists
  3 bunyips
  A lorocyproca (Depths:3)
  4 deep elf annihilators (Elf:3)
  11 dire elephants
  6 spark wasps
  6 ettins
  2 mummy priests (Depths:3)
  10 deep elf death magi
  A shambling mangrove (Swamp:4)
  2 crystal guardians
  A jiangshi (Vaults:3)
  10 fire dragons
  6 great orbs of eyes
  8 entropy weavers
  8 yaktaur captains
  4 deep elf high priests
  4 peacekeepers
  7 jorogumos
  Erolcha (D:10)
  2 catoblepae
  5 vault guards
  3 rakshasas
  3 ice dragons
  2 ghost crabs
  21 hydras
  10 two-headed ogres
  2 ogre magi (Orc:2)
  15 alligators
  A radroach (Spider:4)
  8 ironbound frosthearts
  16 dancing weapons
  A death knight (D:14)
  9 centaur warriors
  2 tengu warriors (Depths:1)
  6 boulder beetles
  A vampire mage (Vaults:3)
  A deep troll earth mage (Depths:2)
  3 death yaks (Lair:5)
  8 demonic crawlers
  An orc high priest (Orc:1)
  2 spriggan berserkers
  12 hell knights
  Sonja (D:12)
  18 deep elf knights
  2 iron trolls (Depths:2)
  4 skysharks
  A fire crab (Volcano)
  A shadow wraith (Vaults:2)
  7 pharaoh ants
  2 goliath frogs
  A titan skeleton (Depths:1)
  5 arcanists
  A golden dragon zombie (Depths:1)
  3 sun moths
  7 bog bodies
  2 spriggan druids (Swamp:3)
  7 orb spiders
  A lindwurm (shapeshifter) (D:15)
  40 deep trolls
  3 flayed ghosts
  14 swamp dragons
  A glowing orange brain (Depths:3)
  15 lindwurms
  6 steelbarb worms
  13 deep elf archers
  17 ironbound convokers
  2 occultists (D:15)
  2 phantasmal warriors
  3 orc knights (Vaults:2)
  38 deep elf zephyrmancers
  Pikel (D:11)
  2 tengu skeletons
  3 orc sorcerers
  11 harpies
  12 necromancers
  4 manticores
  29 deep elf pyromancers
  10 wolf spiders
  32 ugly things
  4 cyclopes
  3 will-o-the-wisps
  A salamander (Depths:1)
  A centaur zombie (D:15)
  4 moths of wrath
  6 black mambas
  17 elephants
  9 vault sentinels
  A stone giant skeleton (Vaults:4)
  A centaur skeleton (D:15)
  A gargoyle (D:10)
  6 torpor snails
  2 freezing wraiths (D:14)
  Jeremiah (D:9)
  A rime drake (Lair:3)
  2 unseen horrors (D:11)
  8 cane toads
  11 komodo dragons
  30 yaktaurs
  An efreet (D:13)
  A human zombie (Vaults:1)
  2 tengu conjurers
  A polar bear (shapeshifter) (D:14)
  A queen bee (Spider:4)
  2 bloated husks
  A tengu simulacrum (Depths:3)
  A yaktaur skeleton (Vaults:4)
  A harpy skeleton (D:15)
  10 hornets
  3 meliai (Spider:4)
  7 tyrant leeches
  14 trolls
  2 polar bears
  A shadow dragon simulacrum (Depths:3)
  9 blink frogs
  26 tarantellas
  A raiju (shapeshifter) (Elf:1)
  A stone giant simulacrum (Depths:1)
  2 dream sheep (Lair:5)
  A fire giant simulacrum (Vaults:1)
  35 jumping spiders
  40 slime creatures
  4 air elementals
  A centaur simulacrum (D:14)
  4 spriggans
  19 culicivoras
  An ettin skeleton (Vaults:4)
  A wraith (D:14)
  4 water elementals
  A vampire (D:11)
  6 wyverns
  4 fire bats (Volcano)
  A shadow (D:10)
  Grum (D:9)
  Eustachio (D:6)
  16 yaks
  A redback (shapeshifter) (Elf:3)
  4 basilisks
  5 fire elementals
  A steam dragon (Volcano)
  4 wargs
  6 vampire mosquitoes
  65 redbacks
  An elf skeleton (Vaults:1)
  7 swamp worms
  11 water moccasins
  4 acid dragons
  12 swamp drakes
  3 hell hounds
  16 orc warriors
  A black bear (D:6)
  11 boggarts
  24 ogres
  3 centaurs
  20 wolves
  4 lemures (D:8)
  2 phantoms
  2 kobold brigands
  9 bullfrogs
  A glowing shapeshifter simulacrum (Depths:3)
  2 human skeletons
  3 scorpions
  An earth elemental (Elf:3)
  5 wights (D:8)
  22 killer bees
  11 howler monkeys
  6 electric eels
  5 hounds
  12 orc priests
  4 jellies
  2 sleepcaps
  7 iguanas
  16 orc wizards
  7 gnolls
  8 adders
  2 shadow imps
  2 white imps
  4 ufetubi
  3 worms
  2 dart slugs
  73 orcs
  9 endoplasms
  5 giant cockroaches
  10 goblins
  8 hobgoblins
  3 jackals (D:1)
  8 quokkas
  10 ball pythons
  5 bats
  2 frilled lizards
  21 kobolds
  11 rats
  2 foxfires (Lair:2)
1532 creatures vanquished.

Vanquished Creatures (others)
  A golden dragon simulacrum (Depths:3)
  A blink frog (Lair:2)
  An iron dragon simulacrum (Depths:3)
  A water elemental (Elf:1)
  88 foxfires
92 creatures vanquished.

Grand Total: 1624 creatures vanquished

Notes
Turn   | Place    | Note
-------+----------+-------------------------------------------
     0 | D:1      | D12ThenQuit the Octopode Fighter began the quest for the
                  | Orb.
     0 | D:1      | Reached XP level 1. HP: 16/16 MP: 1/1
   140 | D:1      | Reached XP level 2. HP: 20/21 MP: 2/2
   450 | D:1      | Reached XP level 3. HP: 26/26 MP: 3/3
   567 | D:2      | Found a faded altar of an unknown god.
   786 | D:2      | Reached XP level 4. HP: 33/33 MP: 4/4
   804 | D:2      | Noticed a scorpion
   811 | D:2      | Killed a scorpion
   917 | D:2      | Reached XP level 5. HP: 38/38 MP: 5/5
  2387 | D:4      | Reached skill level 5 in Fighting
  2387 | D:4      | Reached skill level 5 in Dodging
  2387 | D:4      | Reached XP level 6. HP: 36/45 MP: 6/6
  2798 | D:4      | Learned a level 1 spell: Freeze
  3074 | D:4      | Reached skill level 1 in Ice Magic
  3255 | D:4      | Reached skill level 2 in Ice Magic
  3355 | D:4      | Reached XP level 7. HP: 46/50 MP: 7/7
  3424 | D:4      | Reached skill level 3 in Ice Magic
  3452 | D:4      | Reached skill level 1 in Spellcasting
  3640 | D:5      | Entered Level 5 of the Dungeon
  3796 | D:5      | Learned a level 3 spell: Frozen Ramparts
  3957 | D:5      | Learned a level 3 spell: Ozocubu's Armour
  4035 | D:5      | Reached skill level 4 in Ice Magic
  4583 | D:5      | Reached XP level 8. HP: 44/56 MP: 5/12
  4677 | D:5      | Reached skill level 5 in Ice Magic
  5360 | D:6      | Noticed Eustachio
  5373 | D:6      | Killed Eustachio
  5374 | D:6      | Reached skill level 6 in Ice Magic
  5419 | D:6      | Found a staircase to the Ecumenical Temple.
  5441 | Temple   | Entered the Ecumenical Temple
  5447 | Temple   | Became a worshipper of Vehumet
  5542 | D:6      | Found an ancient bone altar of Kikubaaqudgha.
  5545 | D:6      | Found a shimmering altar of Xom.
  5687 | D:6      | Reached skill level 5 in Spellcasting
  5973 | D:6      | Reached XP level 9. HP: 54/61 MP: 16/16
  6077 | D:6      | Reached skill level 7 in Ice Magic
  6427 | D:7      | Noticed a hornet
  6439 | D:7      | Killed a hornet
  6440 | D:7      | Reached skill level 8 in Ice Magic
  6567 | D:7      | Reached * piety under Vehumet
  6567 | D:7      | Offered knowledge of Foxfire by Vehumet.
  6578 | D:7      | Identified a scroll of acquirement
  6582 | D:7      | Acquired the +2 hood of the Assassin {Detect Stab+ Stlth++}
  6582 | D:7      | Found the +2 hood of the Assassin {Detect Stab+ Stlth++}
  6799 | D:7      | Learned a level 2 spell: Blink
  6864 | D:7      | Reached skill level 9 in Ice Magic
  7257 | D:8      | Learned a level 1 spell: Foxfire
  7280 | D:8      | Reached skill level 1 in Conjurations
  7280 | D:8      | Reached skill level 1 in Fire Magic
  7960 | D:8      | Reached ** piety under Vehumet
  7965 | D:8      | Offered knowledge of Sandblast by Vehumet.
  8071 | D:8      | Reached skill level 10 in Ice Magic
  8071 | D:8      | Reached XP level 10. HP: 65/66 MP: 14/17
  8516 | D:9      | Reached skill level 11 in Ice Magic
  8721 | D:9      | Noticed a two-headed ogre
  8742 | D:9      | Killed a two-headed ogre
  8743 | D:9      | Reached skill level 12 in Ice Magic
  8812 | D:9      | Noticed Jeremiah
  8821 | D:9      | Killed Jeremiah
  8992 | D:9      | Noticed Grum
  8996 | D:9      | Offered knowledge of Scorch by Vehumet.
  9005 | D:9      | Killed Grum
  9100 | D:9      | Reached skill level 13 in Ice Magic
  9338 | D:9      | Found a staircase to the Lair.
  9363 | D:9      | Reached *** piety under Vehumet
  9545 | D:9      | Learned a level 7 spell: Ozocubu's Refrigeration
  9576 | D:10     | Entered Level 10 of the Dungeon
  9600 | D:10     | Noticed a gargoyle
  9717 | D:10     | Noticed Erolcha
  9719 | D:10     | Reached XP level 11. HP: 71/72 MP: 18/18
  9723 | D:10     | Killed Erolcha
 10371 | D:10     | Found a sparkling altar of Nemelex Xobeh.
 10381 | D:10     | Found a stormy altar of Qazlal.
 10697 | Lair:1   | Entered Level 1 of the Lair of Beasts
 10990 | Lair:1   | Offered knowledge of Flame Wave by Vehumet.
 11536 | Lair:1   | Reached skill level 14 in Ice Magic
 12052 | Lair:2   | Noticed a catoblepas
 12431 | Lair:2   | Noticed a six-headed hydra
 12737 | Lair:2   | Killed a catoblepas
 12762 | Lair:2   | Reached XP level 12. HP: 39/77 MP: 1/24
 12847 | Lair:2   | Killed a six-headed hydra
 13403 | Lair:3   | Found a dark tunnel.
 13412 | Volcano  | Entered a volcano
 13434 | Volcano  | Reached skill level 15 in Ice Magic
 13804 | Lair:3   | Reached **** piety under Vehumet
 13993 | Lair:3   | Reached skill level 5 in Conjurations
 14016 | Lair:3   | Learned a level 4 spell: Iskenderun's Mystic Blast
 14144 | Lair:3   | Reached skill level 1 in Translocations
 14204 | Lair:3   | Offered knowledge of Sticky Flame by Vehumet.
 14635 | Lair:3   | Noticed Rupert
 14648 | Lair:3   | Found a hole to the Spider Nest.
 15038 | Lair:3   | Noticed an eleionoma
 15042 | Lair:3   | Killed an eleionoma
 15046 | Lair:3   | Found a staircase to the Swamp.
 15147 | Lair:4   | Reached skill level 10 in Spellcasting
 15147 | Lair:4   | Reached XP level 13. HP: 84/84 MP: 8/27
 15519 | Lair:4   | Reached skill level 5 in Translocations
 16172 | Lair:4   | Found a viscous altar of Jiyva.
 16172 | Lair:4   | Found a staircase to the Slime Pits.
 16717 | Lair:5   | Entered Level 5 of the Lair of Beasts
 18493 | Lair:5   | Reached ***** piety under Vehumet
 18744 | Lair:5   | Offered knowledge of Yara's Violent Unravelling by Vehumet.
 18745 | Lair:5   | Reached XP level 14. HP: 95/95 MP: 20/28
 19102 | Lair:5   | Identified the +7 rapier of the Threshing Gods {freeze,
                  | rC+}
 19515 | D:11     | Noticed Pikel
 19517 | D:11     | Killed Pikel
 20318 | D:11     | Found Efussar's Weapon Boutique.
 20378 | D:11     | Found a staircase to the Orcish Mines.
 20807 | Orc:1    | Entered Level 1 of the Orcish Mines
 20926 | Orc:2    | Entered Level 2 of the Orcish Mines
 20926 | Orc:2    | Found a staircase to the Elven Halls.
 20930 | Orc:2    | Reached skill level 16 in Ice Magic
 21631 | Orc:2    | Reached skill level 10 in Fighting
 21633 | Orc:2    | Reached skill level 10 in Dodging
 21813 | Orc:2    | Found Warel's Jewellery Emporium.
 21846 | Orc:2    | Offered knowledge of Lee's Rapid Deconstruction by Vehumet.
 21865 | Orc:2    | Found Qatoj's Jewellery Shoppe.
 21868 | Orc:2    | Found Cuesul's Book Shop.
 21888 | Orc:2    | Found Feink's Assorted Antiques.
 21908 | Orc:2    | Bought a twisted silver ring for 160 gold pieces
 21908 | Orc:2    | Bought a shimmering garnet amulet for 160 gold pieces
 21908 | Orc:2    | Identified the amulet "Nompish" {Spirit Contam rN++ Regen+
                  | rCorr} (You bought it in a shop on level 2 of the Orcish
                  | Mines)
 21926 | Orc:2    | Bought a +6 ring of intelligence for 576 gold pieces
 21926 | Orc:2    | Bought a +6 ring of intelligence for 576 gold pieces
 22420 | Orc:2    | Reached XP level 15. HP: 105/105 MP: 4/30
 22872 | Orc:2    | Bought the ring of Nepova {rElec rCorr Str-5 Dex+6} for 631
                  | gold pieces
 23186 | D:12     | Noticed Sonja
 23188 | D:12     | Killed Sonja
 23343 | D:12     | Noticed Frances
 23947 | D:13     | Noticed Nessos
 23952 | D:13     | Killed Nessos
 24797 | D:13     | Found a stormy altar of Qazlal.
 25222 | D:14     | Found an ancient bone altar of Kikubaaqudgha.
 25848 | D:14     | Noticed Jorgrun
 25853 | D:14     | Killed Jorgrun
 25854 | D:14     | Reached skill level 17 in Ice Magic
 26461 | D:14     | Noticed Azrael
 26466 | D:14     | Killed Azrael
 26657 | D:14     | Found a gate to the Vaults.
 26669 | D:14     | Noticed a sphinx
 26672 | D:14     | Killed a sphinx
 27128 | D:15     | Entered Level 15 of the Dungeon
 27428 | D:15     | Offered knowledge of Starburst by Vehumet.
 27962 | D:15     | Noticed Agnes
 27966 | D:15     | Killed Agnes
 28446 | D:15     | Found a staircase to the Depths.
 28608 | WizLab   | Identified the "Kuewu"
 28608 | Depths:2 | Identified the "Pusavviu"
 28608 | Depths:4 | Identified the "Dogok"
 28608 | Elf:1    | Entered Level 1 of the Elven Halls
 28767 | Elf:1    | Reached XP level 16. HP: 114/114 MP: 15/32
 28767 | Elf:1    | Noticed Norris
 28923 | Elf:1    | Killed Norris
 29327 | Elf:1    | Learned a level 5 spell: Irradiate
 29334 | Elf:1    | Reached skill level 1 in Transmutations
 29909 | Elf:1    | Reached skill level 5 in Transmutations
 30965 | Elf:2    | Noticed Roxanne
 31822 | Elf:2    | Found a runed translucent gate.
 31822 | Elf:2    | Found a runed translucent gate.
 31822 | Elf:2    | Found a runed translucent gate.
 32174 | Elf:2    | Reached XP level 17. HP: 119/119 MP: 25/33
 32348 | Elf:3    | Identified the "Xyihiodda"
 32348 | Elf:3    | Identified the "Loschilil"
 32348 | Elf:3    | Identified the "Qyonal"
 32348 | Elf:3    | Entered Level 3 of the Elven Halls
 32404 | Elf:3    | Paralysed by an air elemental for 1 turns
 32713 | Elf:3    | Offered knowledge of Freezing Cloud by Vehumet.
 32727 | Elf:3    | Learned a level 5 spell: Freezing Cloud
 32870 | Elf:3    | Noticed Saint Roka
 33061 | Elf:3    | Killed Saint Roka
 33432 | Elf:3    | Reached skill level 10 in Conjurations
 33717 | Elf:3    | Noticed a deep elf blademaster
 33719 | Elf:3    | Noticed a deep elf master archer
 33722 | Elf:3    | Killed a deep elf master archer
 33722 | Elf:3    | Killed a deep elf blademaster
 34077 | Elf:3    | Noticed Aizul
 34082 | Elf:3    | Killed Aizul
 34252 | Elf:3    | Noticed a deep elf blademaster
 34252 | Elf:3    | Identified the +10 broad axe "Huisem" {spect, Fragile rPois
                  | rF+}
 34261 | Elf:3    | Killed a deep elf blademaster
 34415 | Elf:3    | Identified the +9 battleaxe of Checks and Balances {drain,
                  | rN+ Will++ rCorr Stlth-}
 34423 | Elf:3    | Reached skill level 18 in Ice Magic
 34738 | Elf:3    | Identified the +9 flail of Causality {venom, rF+}
 34837 | Elf:3    | Noticed a deep elf master archer
 35003 | Elf:3    | Offered knowledge of Fireball by Vehumet.
 35004 | Elf:3    | Reached skill level 1 in Evocations
 35253 | Elf:3    | Killed a deep elf master archer
 35547 | Elf:3    | Reached skill level 5 in Evocations
 35682 | Elf:3    | Found the +8 longbow "Zephyr" {speed, Dex+3 SInv}
 35700 | Elf:3    | Identified the +8 sling "Uqevaxai" {heavy, rF+ Int+3
                  | Stlth+}
 35725 | Elf:3    | Identified the staff "Octopus's Foe" {rPois rC+ Str-4 Int+6
                  | Poison}
 36011 | Orc:2    | Bought a book of the Spheres for 960 gold pieces
 36019 | Orc:2    | Learned a level 7 spell: Orb of Destruction
 36283 | Lair:3   | Killed Rupert
 36284 | Lair:3   | Reached XP level 18. HP: 126/126 MP: 9/35
 36558 | Spider:1 | Entered Level 1 of the Spider Nest
 38493 | Spider:2 | Offered knowledge of Bombard by Vehumet.
 39765 | Spider:3 | Identified the +11 hand axe "Kyid" {speed, *Noise rPois
                  | Will+ Dex+3}
 40147 | Spider:3 | Offered knowledge of Spellforged Servitor by Vehumet.
 40436 | Spider:3 | Acquired 858 gold pieces
 40630 | Spider:4 | Entered Level 4 of the Spider Nest
 42039 | Spider:4 | Reached skill level 15 in Conjurations
 42540 | Spider:4 | Reached XP level 19. HP: 133/133 MP: 34/36
 42782 | Spider:4 | Reached ****** piety under Vehumet
 43592 | Spider:4 | Identified the orb of the Buccaneer {mayhem, Dex+5}
 43595 | Spider:4 | Got a gossamer rune of Zot
 43599 | Spider:4 | Offered knowledge of Lehudib's Crystal Spear by Vehumet.
 43599 | Spider:4 | Offered knowledge of Chain Lightning by Vehumet.
 43599 | Spider:4 | Offered knowledge of Polar Vortex by Vehumet.
 43757 | Swamp:1  | Entered Level 1 of the Swamp
 44539 | Swamp:1  | Noticed Donald
 44543 | Swamp:1  | Killed Donald
 45864 | Swamp:3  | Learned a level 9 spell: Polar Vortex
 46027 | Swamp:3  | Identified the +4 short sword of the Desert {vamp, rF+}
 46422 | Swamp:4  | Entered Level 4 of the Swamp
 47038 | Swamp:4  | Reached skill level 19 in Ice Magic
 47380 | Swamp:4  | Reached XP level 20. HP: 141/141 MP: 18/38
 47665 | Swamp:4  | Got a decaying rune of Zot
 47822 | Swamp:4  | Upgraded the game from 0.31-a0-925-g0a390f2509 to
                  | 0.31-a0-931-g7b59d4eb97
 48091 | Vaults:1 | Entered Level 1 of the Vaults
 48108 | Vaults:1 | Found Nifaqob's Assorted Antiques.
 48264 | Vaults:1 | Reached skill level 20 in Ice Magic
 48901 | Vaults:1 | Identified the +0 long sword of Olynimuv {speed, Dex+6}
 48935 | Vaults:1 | Paralysed by a formless jellyfish for 1 turns
 48937 | Vaults:1 | Reached skill level 21 in Ice Magic
 49177 | Vaults:1 | Acquired the ring "Etif" {rF+ Int+3 Slay+4 Stlth+}
 49965 | Vaults:2 | Noticed Xtahua
 49972 | Vaults:2 | Killed Xtahua
 50670 | Vaults:2 | Noticed Frederick
 50676 | Vaults:2 | Killed Frederick
 50677 | Vaults:2 | Reached XP level 21. HP: 130/148 MP: 11/39
 52012 | Vaults:3 | Found Ytaoss's Weapon Shop.
 52718 | Vaults:3 | Found Wehon's Antique Weapon Shop.
 52731 | Vaults:3 | Found Litoyczo's Assorted Antiques.
 52777 | Vaults:3 | Reached skill level 15 in Fighting
 52967 | Vaults:3 | Reached skill level 15 in Dodging
 53034 | Vaults:3 | Reached skill level 22 in Ice Magic
 53159 | Vaults:3 | Found a staircase to the Crypt.
 53196 | Vaults:3 | You fall into a shaft and drop 1 floor!
 53962 | Vaults:4 | Found a flickering gateway to a bazaar.
 53991 | Bazaar   | Entered a bazaar
 54003 | Bazaar   | Found Muloefeghi's Magic Scroll Emporium.
 54003 | Bazaar   | Found Ithru's Jewellery Shoppe.
 54020 | Bazaar   | Bought the ring "Remurgh" {rN+ Will+ Dex+3} for 350 gold
                  | pieces
 54268 | Vaults:4 | Reached XP level 22. HP: 142/160 MP: 21/40
 54799 | Vaults:3 | Found Faoniemm's Magic Scroll Boutique.
 55296 | Depths:1 | Entered Level 1 of the Depths
 55306 | Depths:1 | Found an ornate altar of the Wu Jian Council.
 56650 | Depths:1 | Found a gateway to Hell.
 56772 | Depths:1 | You fall into a shaft and drop 1 floor!
 56851 | Depths:2 | Found a one-way gate leading to the halls of Pandemonium.
 56952 | Depths:1 | Identified the +3 robe "Kecass" {*Corrode +Blink Dex+3}
 57993 | Depths:2 | Noticed a juggernaut
 57999 | Depths:2 | Killed a juggernaut
 58244 | Depths:2 | Noticed a juggernaut
 58250 | Depths:2 | Killed a juggernaut
 58376 | Depths:2 | Noticed a caustic shrike
 58929 | Depths:2 | Killed a caustic shrike
 58997 | Depths:2 | Identified the staff "Kievivumn" {Will+ Dex+4 Earth}
 59080 | Depths:3 | Reached XP level 23. HP: 171/171 MP: 30/41
 59278 | Depths:3 | Found a shadowy altar of Dithmenos.
 59281 | Depths:3 | Found a portal to a secret trove of treasure.
 59394 | Depths:3 | Found a one-way gate to the infinite horrors of the Abyss.
 59397 | Depths:3 | Noticed Louise
 59400 | Depths:3 | Killed Louise
 59650 | Depths:3 | Noticed a royal mummy
 59659 | Depths:3 | Killed a royal mummy
 59746 | Depths:3 | Noticed a royal mummy
 59891 | Depths:3 | Identified the ring of Etse Iha {Ice rCorr Stlth+}
 59891 | Depths:3 | Noticed Josephina
 59905 | Depths:3 | Killed Josephina
 60275 | Depths:3 | Found a one-way gateway to a ziggurat.
 60289 | Depths:3 | Found a runed translucent gate.
 60289 | Depths:3 | Found a runed translucent gate.
 60291 | Depths:3 | Found a runed translucent gate.
 60292 | Depths:3 | Noticed a dread lich
 60293 | Depths:3 | Noticed a dread lich
 60294 | Depths:3 | Noticed Boniyj's ghost (veteran GnWn)
 60384 | Depths:3 | Killed a royal mummy
 60432 | Depths:3 | Noticed a royal mummy
 60443 | Depths:3 | HP: 4/171 [emperor scorpion[a royal mummy] (26)]
 60444 | Depths:3 | Succumbed to an emperor scorpion's poison

Illustrated notes

Levels and vault maps discovered:
D:1:      heliophobic_arrival_battle_scene, layout_rooms, hangedman_glass_teeth
D:2:      layout_loops_corners, hellmonk_ecumenical_altar_blasted,
          minmay_ruptured
D:3:      layout_loops_ring, minmay_fountain_box, kennysheep_generic_room_2
D:4:      minmay_polygon_palace, layout_basic, st_stairs_10
D:5:      layout_basic
D:6:      layout_gridville, nicolae_overflow_squiral,
          minmay_temple_entry_statues, uniq_eustachio
D:7:      layout_basic
D:8:      layout_loops_corners, uniq_pikel
D:9:      layout_gridville, erik_lair_orcish_takeover, uniq_grum, uniq_jeremiah
D:10:     layout_small_grid, mainiacjoe_overflow_big_doors, uniq_erolcha
D:11:     layout_layer_cave, erik_orc_1, serial_shops, shop_fountains,
          serial_bayou_pond_b
D:12:     layout_long_grid, uniq_frances, uniq_sonja
D:13:     layout_loops_ring, nicolae_qazlal_style_of_elements, uniq_nessos
D:14:     layout_basic, hellmonk_vaults_attempted_burglary,
          kiku_gazebo_pond_becter, uniq_jorgrun, uniq_azrael
D:15:     grunt_enter_depths_magical_seal, layout_loops_ring, minivault_11,
          uniq_agnes
Temple:   nicolae_temple_no_exploring_needed
Lair:1:   layout_regular_city
Lair:2:   layout_loops_ring, grunt_megastairs_2
Lair:3:   layout_chaotic_city, alex1729_swamp_entry_worm_eleionoma,
          spider_nest_entry_a, nicolae_volcano_entry_two_sided,
          lemuel_fruit_tree, grunt_megastairs_1, uniq_rupert
Lair:4:   layout_cave_pods, dpeg_slime_entry_enclosed, columned_hall_lemuel,
          infiniplex_staircase_pool_2, serial_bayou_shore_a,
          lemuel_fruit_fields, lemuel_fruit_fields
Lair:5:   hangedman_lair_in_review, layout_misc_corridors,
          infiniplex_staircase_pool
Swamp:1:  layout_basic_swamp, serial_swamp_ruin, evilmike_swamp_ruin_house_2,
          hangedman_swamp_ruin_hall, uniq_donald
Swamp:2:  layout_basic_swamp, nicolae_swamp_dense_foliage, swamp_pool2,
          nicolae_swamp_trees_clearing, nicolae_swamp_reclaimed_castle
Swamp:3:  layout_falls_marsh, evilmike_swamp_ruin_house_4
Swamp:4:  swamp_basic_johnstein, layout_basic_swamp
Spider:1: layout_chambers
Spider:2: layout_spider_delve
Spider:3: layout_spider_delve
Spider:4: grunt_spider_rune_circles, special_room [special_room_bee],
          nicolae_spider_world_wide_web
Orc:1:    layout_diamond_mine
Orc:2:    st_orc_open, layout_caves, elves_outpost_lemuel
Elf:1:    layout_geoelf_octagon, kennysheep_underground_church, drop_trap,
          st_stairs_13, uniq_norris
Elf:2:    elven_hall_of_blades_hangedman_original [nicolae_blade_bullseye],
          layout_loops_corners, st_stairs_10, uniq_nikola, uniq_roxanne
Elf:3:    elf_hall, layout_rooms, uniq_aizul, uniq_saint_roka
Vaults:1: st_quartered_hall, v_rooms_1, nicolae_vaults_tetromino_Z_1,
          grunt_vaults_swirl, nicolae_vaults_storage_closets_3,
          vaults_room_pool, nicolae_vaults_surprise_closet,
          nicolae_vaults_variable_pillar_hall, nicolae_vaults_mini_display_case,
          nicolae_vaults_sightless_eye, vaults_dpeg_cross,
          layout_vaults_omnibox, serial_shops, nicolae_shop_behind_doors
Vaults:2: nicolae_vaults_double_plus_1, nicolae_vaults_surprise_closet,
          nicolae_vaults_triangles, ontoclasm_vaults_ligature,
          nicolae_vaults_disappearing_quadrants, nicolae_vaults_wrenched,
          ontoclasm_vaults_pinch, nicolae_vaults_trapezoid_1,
          grunt_vaults_funnel, nicolae_vaults_storage_room_water,
          ontoclasm_vaults_ring_small, nicolae_vaults_surprise_closet,
          layout_vaults_omnicross, uniq_frederick, uniq_xtahua
Vaults:3: nicolae_vaults_swerve, nicolae_vaults_trapezoid_1,
          nicolae_vaults_three_branches, nicolae_vaults_diagonal_hallway_7,
          nicolae_vaults_ninety_degrees, nicolae_vaults_rhombus_6,
          vaults_room_corners, nicolae_vaults_shelves_hall,
          nicolae_vaults_trapezoid_layered, nicolae_vaults_sealed_display,
          ontoclasm_vaults_claustrophobia, minmay_crypt_entry_simple_round,
          v_alt_pattern_4, layout_vaults_big_room, serial_shops,
          nicolae_shop_crystal, shop, nicolae_shop_overgrown_old_shop, shop
Vaults:4: st_smaller_cells, nicolae_vaults_tetromino_T_1, v_misc_18,
          layout_vaults_omnigrid, serial_shops, bzr_entry_gold
Depths:1: layout_gridlike, nzn_wu_jian_council_hall, grunt_hell_entry_dis_grunt,
          st_stairs_3, minmay_three_doors, grunt_megastairs_4
Depths:2: evilmike_pillar_path, layout_basic, minmay_misc_feat_hallway,
          hell_entry, rand_demon_pan_entry_8, infiniplex_staircase_star
Depths:3: minmay_guarded_unrand_sceptre_of_torment, layout_cave_pools,
          enter_ziggurat_f, nicolae_dithmenos_through_a_glass_darkly,
          hell_entry, nicolae_trove_entry_diagonal, rand_demon_pan_entry_7,
          gammafunk_ghost_necromancy, nicolae_abyss_entry_one_way_or_another,
          uniq_josephina

Skill      XL: |  1  2  3  4  5  6  7  8  9 10 11 12 13 14 15 16 17 18 19 20 21 22 23 |
---------------+----------------------------------------------------------------------+-----
Fighting       | 4 5 6 8 10 11 12 13 14 16 17 18 | 18.0
Dodging        | 4 5 6 8 10 11 12 13 14 16 17 18 | 18.0
Ice Magic      | 2 4 6 10 13 14 15 16 17 18 19 21 22 | 22.8
Spellcasting   | 2 5 8 10 11 12 13 14 | 14.5
Conjurations   | 2 5 8 10 15 | 15.0
Fire Magic     | 2 |  2.3
Translocations | 4 5 |  5.0
Transmutations | 7 9 |  9.2
Evocations     | 5 |  5.2
Short Blades   | |  2.0
Ranged Weapons | |  0.3
Shields        | |  3.0

Action                     |  1- 3 |  4- 6 |  7- 9 | 10-12 | 13-15 | 16-18 | 19-21 | 22-24 || total
---------------------------+-------+-------+-------+-------+-------+-------+-------+-------++-------
  Melee: Rapier            |    52 |       |       |       |       |     6 |       |       ||    58
         Tentacles         |    10 |    37 |    54 |    23 |    17 |     9 |       |       ||   150
         Constrict         |    16 |    37 |    49 |    19 |    10 |     8 |       |       ||   139
         Dagger            |    29 |    47 |       |       |       |       |       |       ||    76
         Short sword       |       |   104 |   190 |    49 |       |       |       |       ||   343
         Punch             |       |     1 |     5 |       |       |       |       |       ||     6
         Trident           |       |       |       |    65 |       |       |       |       ||    65
         Staff             |       |       |       |     5 |    32 |    24 |       |       ||    61
         Demon blade       |       |       |       |       |    22 |       |       |       ||    22
   Fire: Sling             |       |       |       |       |       |    17 |    27 |     2 ||    46
  Throw: Dart              |       |     4 |     8 |    12 |    17 |     5 |       |       ||    46
   Cast: Freeze            |       |       |    14 |    55 |     8 |    15 |       |       ||    92
         Frozen Ramparts   |       |       |    26 |    26 |     4 |     4 |       |       ||    60
         Ozocubu's Armour  |       |       |    18 |    25 |     2 |     1 |       |       ||    46
         Foxfire           |       |       |    25 |    29 |       |       |       |       ||    54
         Ozocubu's Refrige |       |       |       |    68 |   321 |   352 |   426 |   159 ||  1326
         Blink             |       |       |       |     1 |     1 |       |       |     1 ||     3
         Iskenderun's Myst |       |       |       |       |    23 |    10 |     7 |    13 ||    53
         Irradiate         |       |       |       |       |       |    32 |    10 |    17 ||    59
         Orb of Destructio |       |       |       |       |       |    10 |    20 |    50 ||    80
         Freezing Cloud    |       |       |       |       |       |     4 |       |     2 ||     6
         Polar Vortex      |       |       |       |       |       |       |     4 |     3 ||     7
  Evoke: Wand              |       |       |       |       |     5 |     2 |    12 |     2 ||    21
         Lightning rod     |       |       |       |       |       |     7 |     1 |       ||     8
    Use: Potion            |       |     5 |       |     3 |     4 |    11 |     2 |     1 ||    26
         Scroll            |       |     6 |     4 |     3 |    11 |     5 |     4 |     1 ||    34
   Stab: Sleeping          |     6 |     8 |     6 |     3 |       |       |       |       ||    23
         Distracted        |     1 |       |       |       |       |       |       |       ||     1
         Invisible         |       |     1 |       |       |       |       |       |       ||     1
 Armour: Skin              |    20 |    44 |    81 |   123 |   108 |   138 |   110 |    55 ||   679
  Dodge: Dodged            |    42 |    54 |   131 |   126 |   146 |   137 |   135 |    84 ||   855
  Block: Buckler           |    10 |    18 |    35 |    27 |       |       |       |       ||    90

Table legend: (Time is in decaauts)
 A = Elapsed time spent in this place.
 B = Non-inter-level travel time spent in this place.
 C = Inter-level travel time spent in this place.
 D = Time resting spent in this place.
 E = Time spent auto-exploring this place.
 F = Levels seen in this place.
 G = Mean time per level.
                   A        B        C        D        E       F      G
               +--------+--------+--------+--------+--------+-----+--------+
         Total |  60541 |  57939 |   2602 |  15267 |  30486 |  43 | 1407.9 |
       Dungeon |  18143 |  17188 |    955 |   2612 |  10487 |  15 | 1209.5 |
        Temple |     12 |     12 |      0 |      0 |      0 |   1 |   12.0 |
          Lair |   8729 |   8268 |    461 |   2730 |   4046 |   5 | 1745.8 |
         Swamp |   4177 |   4040 |    137 |   1282 |   2103 |   4 | 1044.2 |
   Spider Nest |   7205 |   6944 |    261 |   2434 |   3246 |   4 | 1801.2 |
  Orcish Mines |   2345 |   2171 |    174 |    814 |    944 |   2 | 1172.5 |
   Elven Halls |   7259 |   7052 |    207 |   2824 |   2423 |   3 | 2419.7 |
        Vaults |   7139 |   6824 |    315 |   1106 |   4445 |   4 | 1784.8 |
        Depths |   5153 |   5064 |     89 |   1303 |   2769 |   3 | 1717.7 |
        Bazaar |     37 |     37 |      0 |      0 |     23 |   1 |   37.0 |
       Volcano |    336 |    336 |      0 |    162 |      0 |   1 |  336.0 |
               +--------+--------+--------+--------+--------+-----+--------+

Top non-repeatable levels by time:
   Elf:3: 3139 daAuts
  Lair:5: 2422 daAuts
Spider:4: 2101 daAuts
   Elf:1: 2072 daAuts
   Elf:2: 2047 daAuts
Vaults:2: 2022 daAuts
    D:14: 1978 daAuts
Depths:1: 1901 daAuts
Depths:2: 1878 daAuts
Vaults:3: 1844 daAuts
Spider:1: 1828 daAuts
Spider:3: 1789 daAuts
  Lair:3: 1765 daAuts
Vaults:1: 1730 daAuts
  Lair:4: 1691 daAuts
